 Seeded DCSS version 0.28.0-43-g3370ac3207 (webtiles) character file.

Game seed: 7121082916606783627 (custom seed)

6 gzilladon the Chopper (level 1, -2/20 HPs)
             Began as a Hill Orc Monk on Mar 30, 2022.
             Was a Believer of Beogh.
             Slain by a hobgoblin (4 damage)
             ... on level 1 of the Dungeon.
             The game lasted 00:02:17 (227 turns).

gzilladon the Chopper (Hill Orc Monk)                Turns: 227, Time: 00:02:18

Health: -2/20      AC:  3    Str: 13    XL:     1   Next: 90%
Magic:  1/1        EV: 12    Int: 10    God:    Beogh [**....]
Gold:   0          SH:  0    Dex: 13    Spells: 0/0 levels left

rFire   . . .      SeeInvis .   a - +0 hand axe
rCold   . . .      Faith    .   (no shield)
rNeg    . . .      Spirit   .   d - +0 leather armour
rPois   .          Reflect  .   (no helmet)
rElec   .          Harm     .   (no cloak)
rCorr   .          Rampage  .   (no gloves)
Will    .....                   (no boots)
Stlth   ++........              (no amulet)
HPRegen 0.06/turn               (no ring)
MPRegen 0.07/turn               (no ring)

@: no status effects
A: no striking features
a: Renounce Religion, Smiting


You were on level 1 of the Dungeon.
You worshipped Beogh.
Beogh was pleased with you.
You visited 1 branch of the dungeon, and saw 3 of its levels.

Inventory:

Hand Weapons
 a - a +0 hand axe (weapon)
Missiles
 c - 25 stones (quivered)
Armour
 b - a +0 robe
 d - a +0 leather armour (worn)
Scrolls
 e - a scroll of identify {unknown}


   Skills:
 + Level 3.7 Fighting
 + Level 4.1 Axes
 + Level 2.6 Dodging
 + Level 1.5 Stealth


You couldn't memorise any spells.
You didn't know any spells.
Your spell library was empty.

Dungeon Overview and Level Annotations

Branches:
Dungeon (3/15)

Altars:


Message History

The hobgoblin hits you.
The ball python bites you but does no damage.
The ball python constricts you.
You hit the ball python.
The ball python is moderately wounded.
You hit the hobgoblin. The hobgoblin hits you.
The ball python bites you but does no damage.
The ball python constricts you.
You barely miss the ball python.
The ball python is moderately wounded.
You closely miss the hobgoblin. The ball python bites you.
The ball python constricts you. The hobgoblin closely misses you.
You barely miss the ball python.
The ball python is moderately wounded.
You closely miss the hobgoblin.
The ball python bites you but does no damage.
The ball python constricts you. The hobgoblin hits you.
* * * LOW HITPOINT WARNING * * *
The ball python closely misses you. The ball python constricts you.
* * * LOW HITPOINT WARNING * * *
You escape the ball python's grasp.
The hobgoblin misses you. The hobgoblin barely misses you.
A mysterious force pulls you upwards. The hatch slams shut behind you.
Found 10 gold pieces.
You barely miss the ball python.
The ball python is moderately wounded.
You hit the hobgoblin.
You kill the hobgoblin!
Beogh accepts your kill.
You hit the hobgoblin. The ball python closely misses you. x2
The hobgoblin hits you.
* * * LOW HITPOINT WARNING * * *
The ball python bites you.
* * * LOW HITPOINT WARNING * * *
The ball python grabs you. The ball python constricts you.
You slash the ball python!
You kill the ball python!
Beogh accepts your kill.
You hit the hobgoblin. The hobgoblin hits you.
You die...

... ...
....... ##
... $......
.# #..
.......###.#
.
...........#
#.........#
#.........#
##.........#
#......@...#
#.....g....#
..########.#
#


You could see a hobgoblin.

Vanquished Creatures
  2 ball pythons
  A bat (D:1)
  A goblin (D:2)
  A hobgoblin (D:1)
  A frilled lizard (D:3)
6 creatures vanquished.

Vanquished Creatures (others)
  2 orc priests (D:3)
  An orc (D:3)
3 creatures vanquished.

Grand Total: 9 creatures vanquished

Notes
Turn   | Place    | Note
-------+----------+-------------------------------------------
     0 | D:1      | gzilladon the Hill Orc Monk began the quest for the Orb.
     0 | D:1      | Reached XP level 1. HP: 19/19 MP: 1/1
   104 | D:3      | Noticed an orc priest
   105 | D:3      | Noticed an orc priest
   106 | D:3      | Became a worshipper of Beogh the Brigand
   106 | D:3      | Reached * piety under Beogh
   106 | D:3      | Reached ** piety under Beogh
   115 | D:3      | Killed an orc priest
   119 | D:3      | Killed an orc priest
   227 | D:1      | Slain by a hobgoblin

Illustrated notes

Levels and vault maps discovered:
D:1:      minmay_arrival_plants_in_alcoves, layout_rooms, serial_shops, shop,
          chequers_serial_rivers_large_b
D:2:      layout_rooms, hellmonk_ecumenical_altar_leap_of_faith,
          minmay_door_square, nicolae_concentric_dashed_squares_mild
D:3:      cheibrodos_fertilizer, layout_basic, lemuel_tele_altar,
          lemuel_zombie_altar_yredelemnul, serial_shops,
          nicolae_shop_behind_doors, serial_rivers,
          chequers_serial_rivers_small_a, chequers_serial_rivers_micro_c,
          chequers_serial_rivers_room_a, chequers_serial_rivers_micro_e,
          chequers_serial_rivers_small_a, kennysheep_generic_room_9

Action                   || total
-------------------------++-------
Melee: Hand axe          ||    21
Invok: Convert to Beogh  ||     1
Armor: Leather armour    ||     9
Dodge: Dodged            ||    19
